 Dungeon Crawl Stone Soup version 0.25-a0-310-g60f0ac2 (webtiles) character file.

Game seed: 7706421006273277172, levelgen mode: deterministic

3654 15 the Destroyer (level 10, 0/54 HPs)
             Began as a Tengu Conjurer on Dec 19, 2019.
             Was a Follower of Vehumet.
             Slain by a three-headed hydra (18 damage)
             ... on level 8 of the Dungeon on Dec 23, 2019.
             The game lasted 01:09:21 (8413 turns).

15 the Destroyer (Tengu Conjurer)                   Turns: 8413, Time: 01:09:22

Health: 0/54       AC:  4    Str: 10    XL:     10   Next: 12%
Magic:  19/19      EV: 21    Int: 17    God:    Vehumet [*.....]
Gold:   396        SH:  0    Dex: 20    Spells: 4/20 levels left

rFire    . . .     SeeInvis .   t - +2 rapier (vamp)
rCold    . . .     Gourm    .   (no shield)
rNeg     . . .     Faith    .   a - +0 robe
rPois    .         Spirit   .   (helmet restricted)
rElec    .         Reflect  .   g - +1 cloak
rCorr    .         Harm     .   (no gloves)
MR       .....                  (boots unavailable)
Stlth    +++++.....             E - amulet of magic regeneration
HPRegen  0.18/turn              b - +2 ring of evasion
MPRegen  0.41/turn              y - ring of wizardry

@: agile, about to teleport
A: beak, talons 3, able to fly
a: Fly, Renounce Religion


You were on level 8 of the Dungeon.
You worshipped Vehumet.
Vehumet was aware of your devotion.
You were not hungry.

You visited 2 branches of the dungeon, and saw 9 of its levels.

You collected 396 gold pieces.

Inventory:

Hand Weapons
 d - a +0 hand axe of flaming
 n - a +1 war axe
 o - a +0 arbalest
 t - a +2 vampiric rapier (weapon)
 z - a +0 great mace
 H - a +2 broad axe of chopping
Missiles
 i - 259 stones (quivered)
 q - 72 bolts
Armour
 a - a +0 robe (worn)
 g - a +1 cloak (worn)
Magical Staves
 C - an uncursed staff of energy
Jewellery
 b - a +2 ring of evasion (left hand)
 w - an uncursed ring of resist corrosion
 y - a ring of wizardry (right hand)
 E - an amulet of magic regeneration (around neck)
 M - an uncursed ring of protection from cold
Wands
 r - a wand of disintegration (18)
 v - a wand of digging (5)
 B - a wand of polymorph (8)
 F - a wand of random effects (16)
 L - a wand of iceblast (13)
Scrolls
 e - a scroll of random uselessness {unknown}
 f - a scroll of silence {unknown}
 j - 2 scrolls of remove curse
 k - 2 scrolls of amnesia
 l - a scroll of enchant weapon
 p - a scroll of immolation
 s - a scroll of fear {unknown}
 x - a scroll of torment {unknown}
 G - a scroll of fog {unknown}
Potions
 m - 3 potions of curing
 u - 2 potions of magic
 J - a potion of brilliance {unknown}
Comestibles
 c - 21 rations
 h - 2 chunks of flesh


   Skills:
 + Level 2.4 Fighting
 + Level 4.1 Short Blades
 + Level 3.1(3.2) Axes
 + Level 0.5(2.0) Maces & Flails
 + Level 0.4 Crossbows
 + Level 3.5 Dodging
 + Level 6.2 Stealth
 + Level 5.6 Spellcasting
 * Level 10.3 Conjurations
 * Level 4.5 Hexes
 + Level 1.6 Necromancy
 + Level 0.4 Transmutations
 + Level 1.0 Earth Magic
 + Level 1.6 Evocations


You had 4 spell levels left.
You knew the following spells:

 Your Spells              Type           Power        Failure   Level  Hunger
a - Magic Dart            Conj           ####         1%          1    None
b - Searing Ray           Conj           #####.       1%          2    #......
c - Dazzling Flash        Conj/Hex       ####..       1%          3    ##.....
d - Fulminant Prism       Conj/Hex       ####......   2%          4    ####...
e - Animate Skeleton      Necr           N/A          2%          1    None
f - Stone Arrow           Conj/Erth      ###...       1%          3    ##.....
g - Passwall              Tmut/Erth      #.......     6%          2    #......

Your spell library contained the following spells:

 Spells                   Type           Power        Failure   Level  Hunger
 Freeze                   Ice            #...         5%          1    None
 Confusing Touch          Hex            ###...       1%          1    None
 Sandblast                Erth           #.....       3%          1    None
 Apportation              Tloc           #.....       5%          1    None
 Summon Small Mammal      Summ           #...         5%          1    None
 Iskenderun's Mystic Bla  Conj/Tloc      ###.....     6%          4    ####...
 Petrify                  Tmut/Erth      #.......     36%         4    ####...
 Lee's Rapid Deconstruct  Erth           #.........   65%         5    ######.


Dungeon Overview and Level Annotations

Branches:
Dungeon (8/15)             Temple (1/1) D:7
   Lair: D:8-11

Altars:
Ashenzari
Cheibriados
Dithmenos
Elyvilon
Fedhas
Gozag
Hepliaklqana
Kikubaaqudgha
Makhleb
Nemelex Xobeh
Okawaru
Qazlal
Ru
Sif Muna
Trog
Uskayaw
Vehumet
Wu Jian
Xom
Yredelemnul
Zin
The Shining One


Innate Abilities, Weirdness & Mutations

You have a beak for a mouth.
You have claws for feet.
You can fly continuously.


Message History

You see here a +0 hand axe of flaming.
d - a +0 hand axe of flaming
There is an open gate here.
c - 20 rations (gained 1)
c - 21 rations (gained 1)
You open the door.
A hydra and a big kobold come into view.
Found 2 rations and a dagger.
What are your orders? t - Shout!
Orders for allies: a - Attack new target. r - Retreat! s - Stop attacking. g - Guard the area. f - Follow me.
Anything else - Cancel.
Retreat in which direction?
Press: ? - help, Dir - move target cursor, f - you
Okay, then.
As you read the scroll of teleportation, it crumbles to dust.
You feel strangely unstable. The three-headed hydra bites you!!
You die...

#.# #.# #.# #.# #..#
#.# #..# #.#
##############..# #.#
#.K'.Z...##.....# #.#
#).#D@...##.....# #.#
#+###'''###.....####.#
#.≈≈.....#......#...)#
#P≈≈..P..#....<.'?.Z.'
#≈≈P.....#....#.#....#
#P≈......#....#.#....#
#PP≈.≈.≈.#....#..)....
#####.####....#.#.####
#.%.......#.#.....


You could see a three-headed hydra, a big kobold and a friendly big kobold
skeleton.

Vanquished Creatures
  Grinder (D:3)
  2 dream sheep (D:8)
  A hippogriff (D:8)
  2 yaks (D:8)
  Eustachio (D:4)
  Menkaure (D:4)
  A water moccasin (D:7)
  3 ice beasts
  2 black bears
  A sky beast (D:7)
  4 ogres
  2 big kobolds (D:8)
  2 bullfrogs (D:7)
  A wyvern skeleton (D:8)
  3 scorpions
  3 crimson imps
  A centaur zombie (D:6)
  2 bullfrog zombies
  A quasit (D:7)
  4 hounds
  A jelly (D:7)
  An orc priest (D:8)
  A centaur skeleton (D:6)
  An iguana (D:6)
  6 worker ants
  2 howler monkey zombies (D:5)
  3 gnolls (D:6)
  12 adders
  2 oozes
  4 adder skeletons
  2 worms
  3 dart slugs
  4 leopard geckos
  19 orcs
  A giant cockroach (D:8)
  10 goblins
  7 hobgoblins
  20 jackals
  9 kobolds
  2 quokkas
  2 ball pythons
  8 bats
  6 frilled lizards
  A leopard gecko skeleton (D:6)
  A leopard gecko zombie (D:5)
  7 rats
  A bush (D:1)
  A fulminant prism (D:7)
  2 plants
177 creatures vanquished.

Vanquished Creatures (collateral kills)
  A howler monkey (D:5)
  A hound (D:5)
  2 adders (D:5)
4 creatures vanquished.

Vanquished Creatures (others)
  11 fulminant prisms
  A plant (D:8)
12 creatures vanquished.

Grand Total: 193 creatures vanquished

Notes
Turn   | Place    | Note
-------+----------+-------------------------------------------
     0 | D:1      | 15 the Tengu Conjurer began the quest for the Orb.
     0 | D:1      | Reached XP level 1. HP: 10/10 MP: 4/4
   263 | D:1      | Reached XP level 2. HP: 15/15 MP: 4/6
   281 | D:1      | Learned a level 2 spell: Searing Ray
   411 | D:1      | Reached skill level 6 in Conjurations
  1020 | D:2      | Reached XP level 3. HP: 19/19 MP: 1/7
  1089 | D:2      | Learned a level 3 spell: Dazzling Flash
  1522 | D:2      | Reached XP level 4. HP: 19/24 MP: 6/8
  2619 | D:3      | Gained mutation: You can fly continuously. [Tengu growth]
  2619 | D:3      | Reached XP level 5. HP: 28/28 MP: 4/9
  2629 | D:3      | Reached skill level 1 in Hexes
  3002 | D:3      | Noticed Grinder
  3378 | D:4      | Noticed Eustachio
  3420 | D:4      | Noticed Menkaure
  3428 | D:4      | Killed Menkaure
  3428 | D:4      | Reached skill level 7 in Conjurations
  3428 | D:4      | Reached XP level 6. HP: 20/33 MP: 11/11
  3582 | D:4      | Reached skill level 1 in Axes
  3591 | D:4      | Learned a level 4 spell: Fulminant Prism
  3804 | D:4      | Reached skill level 1 in Short Blades
  4133 | D:4      | Killed Eustachio
  4133 | D:4      | Reached skill level 1 in Fighting
  4133 | D:4      | Reached XP level 7. HP: 38/38 MP: 12/12
  4161 | D:4      | Learned a level 1 spell: Animate Skeleton
  4360 | D:3      | Killed Grinder
  4360 | D:3      | Reached skill level 1 in Evocations
  4523 | D:4      | Found a stormy altar of Qazlal.
  4601 | D:4      | Reached XP level 8. HP: 43/43 MP: 2/14
  4912 | D:5      | Entered Level 5 of the Dungeon
  5125 | D:5      | Reached skill level 5 in Stealth
  5161 | D:5      | Learned a level 3 spell: Stone Arrow
  5545 | D:6      | Found a hazy altar of Hepliaklqana.
  6203 | D:6      | Reached skill level 8 in Conjurations
  6282 | D:6      | Upgraded the game from 0.25-a0-299-gced51cc to
                  | 0.25-a0-308-geac7954
  6427 | D:7      | Reached XP level 9. HP: 25/48 MP: 3/16
  6645 | D:7      | Learned a level 2 spell: Passwall
  6652 | D:7      | Reached skill level 1 in Necromancy
  6688 | D:7      | Found a staircase to the Ecumenical Temple.
  6696 | Temple   | Entered the Ecumenical Temple
  6921 | Temple   | Became a worshipper of Vehumet
  7065 | D:7      | Upgraded the game from 0.25-a0-308-geac7954 to
                  | 0.25-a0-310-g60f0ac2
  7300 | D:7      | Reached skill level 9 in Conjurations
  7735 | D:8      | Reached skill level 5 in Spellcasting
  8113 | D:8      | Reached * piety under Vehumet
  8113 | D:8      | Offered knowledge of Freeze by Vehumet.
  8326 | D:8      | Reached skill level 10 in Conjurations
  8335 | D:8      | Reached XP level 10. HP: 42/53 MP: 10/19
  8382 | D:8      | Reached skill level 1 in Earth Magic
  8411 | D:8      | Noticed a three-headed hydra
  8413 | D:8      | Slain by a three-headed hydra

Levels and vault maps discovered:
D:1:      minmay_arrival_cross, layout_loops_cross, serial_forest,
          infiniplex_forest_split, infiniplex_forest_clump_C,
          infiniplex_forest_lined_corner, infiniplex_forest_lined_room_,
          infiniplex_forest_zigzag_1, infiniplex_forest_clump_double,
          infiniplex_forest_clump_tiny
D:2:      layout_loops_ring, first_ration, serial_bayou_lake_a
D:3:      layout_basic, uniq_grinder
D:4:      layout_basic, old_standard_altar, uniq_eustachio, uniq_menkaure
D:5:      layout_basic
D:6:      layout_loops_ring, basic_altar
D:7:      black_bear_nest_1, layout_basic, minmay_temple_entry_glassed_door
D:8:      layout_basic, basic_altar, serial_shops, shop, hangedman_ranch
          [blue_anna_fruit_fields]
Temple:   nicolae_temple_the_god_donut

Skill      XL: |  1  2  3  4  5  6  7  8  9 10 |
---------------+-------------------------------+-----
Conjurations   | 6 7 8 10 | 10.3
Hexes          | 1 2 3 4 |  4.5
Stealth        | 3 4 5 6 |  6.2
Axes           | 1 2 3 |  3.1
Short Blades   | 1 2 4 |  4.1
Spellcasting   | 3 4 5 |  5.6
Fighting       | 1 2 |  2.4
Dodging        | 3 |  3.5
Evocations     | 1 |  1.6
Necromancy     | 1 |  1.6
Earth Magic    | 1 |  1.0
Maces & Flails | |  0.5
Crossbows      | |  0.4
Transmutations | |  0.4

Action                   |  1- 3 |  4- 6 |  7- 9 | 10-12 || total
-------------------------+-------+-------+-------+-------++-------
Melee: Whip              |   199 |       |       |       ||   199
       Peck              |    63 |     1 |    11 |       ||    75
       Unarmed           |     1 |       |       |       ||     1
       Kick              |   112 |    15 |    20 |     2 ||   149
       Short sword       |    77 |    52 |       |       ||   129
       War axe           |       |    12 |       |       ||    12
       Rapier            |       |       |    90 |     7 ||    97
       Great mace        |       |       |     9 |       ||     9
 Fire: Arbalest          |       |       |     6 |       ||     6
 Cast: Magic Dart        |    26 |    45 |    46 |       ||   117
       Searing Ray       |     5 |    14 |    17 |     2 ||    38
       Dazzling Flash    |     1 |     5 |    11 |     2 ||    19
       Animate Skeleton  |       |       |    19 |     2 ||    21
       Fulminant Prism   |       |       |    12 |       ||    12
       Stone Arrow       |       |       |    23 |       ||    23
       Passwall          |       |       |     4 |       ||     4
Evoke: Wand              |       |     7 |     5 |       ||    12
  Use: Scroll            |       |     4 |    11 |     1 ||    16
       Potion            |       |     1 |     2 |     2 ||     5
 Stab: Distracted        |     1 |       |       |       ||     1
       Sleeping          |       |     7 |     8 |       ||    15
       Invisible         |       |     1 |     7 |       ||     8
       Paralysed         |       |     7 |       |       ||     7
  Eat: Chunk             |     4 |    10 |    18 |       ||    32
Armor: Robe              |     4 |    14 |    12 |       ||    30
       Skin              |       |       |     5 |       ||     5
Dodge: Dodged            |    19 |    71 |    95 |     6 ||   191

Table legend:
 A = Non-vault XP
 B = Vault XP
 C = Vault XP percentage of total XP
 D = Non-vault monster count
 E = Vault monster count
 F = Vault count percentage of total count
                 A         B        C        D         E       F
            +---------+---------+-------+---------+---------+-------
      Total |    3347 |    1873 |  35.9 |     167 |      10 |   5.6
            +---------+---------+-------+---------+---------+-------
        D:1 |      23 |       0 |   0.0 |      12 |       0 |   0.0
        D:2 |      90 |       0 |   0.0 |      30 |       0 |   0.0
        D:3 |     157 |     272 |  63.4 |      31 |       1 |   3.1
        D:4 |     393 |     367 |  48.3 |      19 |       2 |   9.5
        D:5 |     379 |       0 |   0.0 |      17 |       0 |   0.0
        D:6 |     476 |       0 |   0.0 |      19 |       0 |   0.0
        D:7 |    1144 |     128 |  10.1 |      21 |       1 |   4.5
        D:8 |     685 |    1106 |  61.8 |      18 |       6 |  25.0
            +---------+---------+-------+---------+---------+-------
